 Dungeon Crawl Stone Soup version 0.28.0-45-g0d030f2227 (webtiles) character file.

Game seed: 7136614198610028016

85 zeratav the Insei (level 4, 0/29 HPs)
             Began as an Octopode Transmuter on Apr 8, 2022.
             Slain by a goblin
             ... wielding a +0 club
              (4 damage)
             ... on level 3 of the Dungeon.
             The game lasted 00:03:12 (2430 turns).

zeratav the Insei (Octopode Transmuter)             Turns: 2430, Time: 00:03:12

Health: 0/29       AC:  1    Str:  9    XL:     4   Next: 48%
Magic:  7/7        EV: 13    Int: 15    God:
Gold:   77         SH:  0    Dex: 14    Spells: 6/7 levels left

rFire   . . .      SeeInvis .   f - +2 short sword (vamp) {short}
rCold   . . .      Faith    .   (no shield)
rNeg    . . .      Spirit   .   (helmet currently unavailable)
rPois   .          Reflect  .   (no amulet)
rElec   .          Harm     .   (no ring)
rCorr   .          Rampage  .   (no ring)
Will    .....                   (no ring)
Stlth   +++.......              (no ring)
HPRegen 0.09/turn               (no ring)
MPRegen 0.10/turn               (no ring)
                                (no ring)
                                (no ring)

@: lethally poisoned (0 -> -4), appendages (expiring)
A: tentacle spike 3, almost no armour, amphibious, 8 rings, camouflage 1,
gelatinous body 1, (nimble swimmer 1), tentacles
a: End Transformation


You were on level 3 of the Dungeon.
One of your tentacles had grown a beastly spike.
You visited 1 branch of the dungeon, and saw 3 of its levels.

You collected 77 gold pieces.


Innate Abilities, Weirdness & Mutations

One of your tentacles has grown a beastly spike.
You cannot wear most types of armour.
You are amphibious.
You can wear up to eight rings at the same time.
Your skin changes colour to match your surroundings (Stealth+).
Your rubbery body absorbs attacks. (AC +1, EV +1)
((You are camouflaged when in or above water. (Stealth+)))
You have tentacles for arms and can constrict up to eight enemies at once.


   Skills:
 + Level 1.9 Fighting
 + Level 2.6 Dodging
 + Level 2.4 Stealth
 * Level 3.9 Unarmed Combat
 - Level 2.0 Spellcasting
 - Level 2.0 Transmutations


You had 6 spell levels left.
You knew the following spells:

 Your Spells              Type           Power      Damage    Failure   Level
a - Beastly Appendage     Tmut           14%        N/A       10%         1

Your spell library contained the following spells:

 Spells                   Type           Power      Damage    Failure   Level
 Wereblood                Tmut           7%         N/A       14%         2
 Spider Form              Tmut/Pois      4%         N/A       41%         3
 Ice Form                 Ice/Tmut       4%         N/A       82%         4

Inventory:

Hand Weapons
 d - a +0 hand crossbow {crossbow}
   (You found it on level 2 of the Dungeon)
 f - a +2 vampiric short sword (weapon) {short}
   (You took it off a kobold on level 1 of the Dungeon)
Missiles
 e - 3 silver javelins {throwing}
Scrolls
 g - a scroll of teleportation {unknown}
 i - a scroll of enchant armour {unknown}
 k - a scroll of magic mapping {unknown}
 l - a scroll of vulnerability {unknown}
Potions
 a - a potion of lignification {unknown}
 b - a potion of brilliance {unknown}
 c - 2 potions of mutation {unknown}
 h - a potion of heal wounds {unknown}
 j - a potion of magic {unknown}
 m - a potion of might {unknown}

Dungeon Overview and Level Annotations

Branches:
Dungeon (3/15)

Altars:

#.#>..#####.####
##.#.#.....#.....
................
..............?
#.............
#....b........
#......†......
#<....@†......
#......g......
##............
##.....#.....
############


You could see a goblin and a bat.


Message History

No target in view!
No target in view!
No target in view!
l - a scroll labelled MEUWNU EKUE MP[+1]
Your mp is fully restored (7).
Your tentacle spike disappears.
m - a black potion
Found a stone staircase leading down.
One of your tentacles grows a vicious spike.
MP[-1]
You lost 1 mp, and now have 6/7 mp.
Your transformation is almost over.
Your tentacle spike disappears.
Found a stone staircase leading down.
MP[+1]
Your mp is fully restored (7).
There is a stone staircase leading down here.
You see here a rat skeleton.
A rat comes into view.
One of your tentacles grows a vicious spike.
MP[-1]
You lost 1 mp, and now have 6/7 mp.
The helpless rat fails to defend itself.
You puncture the rat!
You kill the rat!
No target in view!
No target in view!
No target in view!
No target in view!
No target in view!
No target in view!
No target in view!
No target in view!
Your transformation is almost over.
Found a stone staircase leading down.
MP[+1]
Your mp is fully restored (7).
Your tentacle spike disappears.
c - 2 white potions (gained 1) Done exploring.
Done exploring.
(D) Dungeon
Where to? (Enter - D:2, ? - help)
There is a stone staircase leading down here.
You climb downwards.
You hear the sound of rushing water.
There is an entrance to a sewer on this level.
Hurry and find it before the portal rusts away!
Found a stone staircase leading down.
There is a stone staircase leading up here.
One of your tentacles grows a vicious spike.
MP[-1]
You lost 1 mp, and now have 6/7 mp.
A goblin comes into view. It is wielding a +0 club.
The goblin shouts!
An adder comes into view.
Your transformation is almost over.
The adder hisses angrily.
The adder bites you.
HP[-2]
You take 2 damage, and now have 27/29 hp.
You miss the adder. You grab the adder.
You pierce the adder.
You constrict the adder. The adder bites you.
A bat comes into view.
The adder bites you.
HP[-6]
You take 6 damage, and now have 21/29 hp.
MASSIVE DAMAGE!! (PAUSE)
You hit the adder. Your squeeze misses the adder. You constrict the adder.
The adder closely misses you. The goblin barely misses you.
You hit the adder but do no damage.
You pierce the adder.
You kill the adder!
The adder bites you.
You are poisoned.
The adder poisons you! The goblin hits you but does no damage.
HP[-4]
You take 4 damage, and now have 17/29 hp.
You hit the adder. You grab the adder. You constrict the adder.
You feel sick. The bat barely misses you. The adder bites you.
* * * LOW HITPOINT WARNING * * *
The goblin hits you with a +0 club.
* * * LOW HITPOINT WARNING * * *
The adder closely misses you.
HP[-7] MP[+1]
You take 7 damage, and now have 10/29 hp.
MASSIVE DAMAGE!! (PAUSE)
Your mp is fully restored (7).
You hit the adder but do no damage.
You pierce the adder.
You constrict the adder.
You feel sick. The bat barely misses you. The adder bites you.
* * * LOW HITPOINT WARNING * * *
You are lethally poisoned!
The adder poisons you! The goblin closely misses you.
HP[-5]
You take 5 damage, and now have 5/29 hp.
You hit the adder.
You kill the adder!
* * * LOW HITPOINT WARNING * * *
You feel sick. The bat barely misses you. The goblin hits you with a +0 club.
You die...

Skill      XL: |  1  2  3 |
---------------+----------+-----
Stealth        | 1 2 |  2.4
Fighting       | |  1.9
Dodging        | |  2.6
Unarmed Combat | |  3.9
Spellcasting   | |  2.0
Transmutations | |  2.0

Action                   |  1- 3 |  4- 6 || total
-------------------------+-------+-------++-------
Melee: Unarmed           |    84 |       ||    84
       Tentacles         |    16 |     3 ||    19
       Kick              |    18 |     7 ||    25
       Constrict         |    17 |     7 ||    24
       Short sword       |     1 |    27 ||    28
       Punch             |       |     1 ||     1
 Cast: Beastly Appendage |    19 |    16 ||    35
 Stab: Sleeping          |     5 |    10 ||    15
Armor: Skin              |     9 |     4 ||    13
Dodge: Dodged            |    54 |    13 ||    67

Levels and vault maps discovered:
D:1:      kb_arrival_jail, layout_loops_ring,
          shapermc_ecumenical_altar_notcrosses, hangedman_decor_clover_reticule,
          solitary_fountain
D:2:      layout_basic
D:3:      wander_river, layout_rooms, lightli_sewer_entry_pipes, eino_curves_04,
          uniq_natasha, uniq_jessica

Notes
Turn   | Place    | Note
-------+----------+-------------------------------------------
     0 | D:1      | zeratav the Octopode Transmuter began the quest for the
                  | Orb.
     0 | D:1      | Reached XP level 1. HP: 13/13 MP: 3/3
     0 | D:1      | magus.rc [v1.9.6]
     2 | D:1      | Noticed a dwarf
     4 | D:1      | Noticed a troll
     4 | D:1      | Noticed a human
     6 | D:1      | Noticed a merfolk
     8 | D:1      | Noticed a felid
     8 | D:1      | Noticed a spriggan
    10 | D:1      | Noticed a formicid
    12 | D:1      | Noticed an octopode
    14 | D:1      | Noticed a vampire
    14 | D:1      | Noticed a vine stalker
    16 | D:1      | Noticed an elf
    18 | D:1      | Noticed a draconian
    18 | D:1      | Noticed a minotaur
    20 | D:1      | Noticed a ghoul
    20 | D:1      | Noticed a tengu
    22 | D:1      | Noticed a demonspawn
    22 | D:1      | Noticed an ogre
    24 | D:1      | Noticed a demigod
    24 | D:1      | Noticed a gargoyle
    26 | D:1      | Noticed a naga
   269 | D:1      | Reached XP level 2. HP: 18/18 MP: 3/5
   299 | D:1      | Reached skill level 1 in Stealth
   554 | D:1      | Found a faded altar of an unknown god.
   765 | D:1      | Reached XP level 3. HP: 14/23 MP: 4/6
   970 | D:1      | You fall into a shaft and drop 1 floor!
   986 | D:2      | Reached skill level 2 in Stealth
  1427 | D:1      | Reached XP level 4. HP: 29/29 MP: 5/7
  2429 | D:3      | HP: 5/29 [adder (4)]
  2430 | D:3      | Slain by a goblin

Vanquished Creatures
  3 adders
  A worm (D:2)
  3 dart slugs
  2 ball pythons (D:1)
  7 bats
  8 endoplasms
  3 giant cockroaches
  A goblin (D:1)
  8 hobgoblins
  2 jackals (D:1)
  5 kobolds (D:1)
  4 quokkas
  5 rats
52 creatures vanquished.

Table legend:
 A = Non-vault XP
 B = Vault XP
 C = Vault XP percentage of total XP
 D = Non-vault monster count
 E = Vault monster count
 F = Vault count percentage of total count
                 A         B        C        D         E       F
            +---------+---------+-------+---------+---------+-------
      Total |     136 |       0 |   0.0 |      52 |       0 |   0.0
            +---------+---------+-------+---------+---------+-------
        D:1 |      56 |       0 |   0.0 |      30 |       0 |   0.0
        D:2 |      53 |       0 |   0.0 |      20 |       0 |   0.0
        D:3 |      27 |       0 |   0.0 |       2 |       0 |   0.0
            +---------+---------+-------+---------+---------+-------

Illustrated notes

Table legend:
 A = Kills in this place as a percentage of kills in entire the game.
 B = Kills by you in this place as a percentage of kills by you in the entire game.
 C = Kills by friends in this place as a percentage of kills by friends in the entire game.
 D = Other kills in this place as a percentage of other kills in the entire game.
 E = Experience gained in this place as a percentage of experience gained in the entire game.
 F = Experience gained in this place divided by the number of levels of this place that you have seen.
                   A       B       C       D       E      F
               +-------+-------+-------+-------+-------+----------------------
         Total | 100.0 | 100.0 |   N/A |   N/A | 100.0 |  45.3
       Dungeon | 100.0 | 100.0 |   N/A |   N/A | 100.0 |  45.3
               +-------+-------+-------+-------+-------+----------------------

Table legend: (Time is in decaauts)
 A = Elapsed time spent in this place.
 B = Non-inter-level travel time spent in this place.
 C = Inter-level travel time spent in this place.
 D = Time resting spent in this place.
 E = Time spent auto-exploring this place.
 F = Levels seen in this place.
 G = Mean time per level.
                   A        B        C        D        E       F      G
               +--------+--------+--------+--------+--------+-----+--------+
         Total |   2427 |   2378 |     49 |    313 |   1685 |   3 |  809.0 |
       Dungeon |   2427 |   2378 |     49 |    313 |   1685 |   3 |  809.0 |
               +--------+--------+--------+--------+--------+-----+--------+

Top non-repeatable levels by time:
     D:1: 1485 daAuts
     D:2: 929 daAuts
     D:3: 12 daAuts
